 Dungeon Crawl Stone Soup version 0.24-a0-446-g87df7205b4 (webtiles) character file.

Game seed: 8071427450326234740

200 Arthanis the Firebug (level 5, -2/28 HPs)
             Began as a Deep Elf Fire Elementalist on June 23, 2019.
             Slain by a river rat (3 damage)
             ... in a sewer.
             The game lasted 00:06:58 (1774 turns).

Arthanis the Firebug (Deep Elf Fire Elementalist)   Turns: 1774, Time: 00:06:59

Health: -2/28      AC:  2    Str:  5    XL:     5   Next: 48%
Magic:  4/13       EV: 13    Int: 21    God:
Gold:   159        SH:  0    Dex: 15    Spells: 8/12 levels left

rFire    . . .     SeeInvis .   h - +0 dagger
rCold    . . .     Gourm    .   (no shield)
rNeg     . . .     Faith    .   a - +0 robe
rPois    .         Spirit   .   (no helmet)
rElec    .         Reflect  .   (no cloak)
rCorr    .         Harm     .   (no gloves)
MR       +....                  (no boots)
Stlth    ++........             (no amulet)
HPRegen  0.09/turn              p - ring of protection from magic
MPRegen  0.13/turn              (no ring)

@: hasted, very quick
A: no striking features
a: no special abilities


You were in a sewer.
You were hungry.

You visited 1 branch of the dungeon, and saw 3 of its levels.
You also visited: Sewer.

You collected 159 gold pieces.

Inventory:

Hand Weapons
 h - a +0 dagger (weapon)
 m - a +0 spear
Armour
 a - a +0 robe (worn)
Jewellery
 p - a ring of protection from magic (left hand)
Wands
 o - a wand of flame (21)
Scrolls
 f - 2 scrolls of remove curse {unknown}
 g - a scroll of fog {unknown}
 i - 2 scrolls of magic mapping {unknown}
 j - a scroll of enchant weapon {unknown}
 l - 2 scrolls of identify {unknown}
 n - a scroll of random uselessness {unknown}
 r - a scroll of amnesia {unknown}
Potions
 b - a potion of degeneration {unknown}
 e - a potion of invisibility {unknown}
 k - a potion of haste
 q - a potion of curing {unknown}
Comestibles
 c - 7 rations
 d - 6 chunks of flesh


   Skills:
 - Level 2.4 Dodging
 - Level 2.4 Stealth
 + Level 4.3 Spellcasting
 * Level 3.8 Conjurations
 * Level 5.0 Fire Magic


You had 8 spell levels left.
You knew the following spells:

 Your Spells              Type           Power        Failure   Level  Hunger
a - Flame Tongue          Conj/Fire      ###..        1%          1    None
b - Conjure Flame         Conj/Fire      ###.....     5%          3    ##.....

Your spell library contained the following spells:

 Spells                   Type           Power        Failure   Level  Hunger
 Throw Flame              Conj/Fire      ###...       2%          2    #......
 Confusing Touch          Hex            #.....       12%         1    None
 Inner Flame              Hex/Fire       ###.....     12%         3    ##.....
 Sticky Flame             Conj/Fire      ###.....     19%         4    ####...
 Confuse                  Hex            #.......     34%         3    ##.....
 Gell's Gravitas          Tloc           #.........   34%         3    ##.....
 Fireball                 Conj/Fire      ###.......   45%         5    ######.
 Petrify                  Tmut/Erth      #.......     75%         4    ####...
 Metabolic Englaciation   Hex/Ice        #.........   97%         5    ######.
 Yara's Violent Unravell  Hex/Tmut       #.........   97%         5    ######.


Dungeon Overview and Level Annotations

Branches:
Dungeon (3/15)

Altars:


Message History

The ball python hisses angrily.
The river rat misses you.
Casting: Flame Tongue (safe; 1% risk of failure)
Confirm with . or Enter, or press ? or * to list all spells.
Aiming: Flame Tongue (safe; 1% risk of failure)
Press: ? - help, Shift-Dir - straight line, f - river rat
Aim: a river rat (water)
The flame tongue hits the river rat but does no damage.
The river rat is engulfed in a cloud of scalding steam.
The river rat bites you!
* * * LOW HITPOINT WARNING * * *
Casting: Flame Tongue (safe; 1% risk of failure)
Confirm with . or Enter, or press ? or * to list all spells.
Aiming: Flame Tongue (safe; 1% risk of failure)
Press: ? - help, Shift-Dir - straight line, f - you, p - river rat
Okay, then.
It was a potion of haste.
You feel yourself speed up.
The ball python closely misses you. x2; The river rat completely misses you.
The river rat bites you.
You die...

...##........## ###
...............##.
≈≈≈##≈≈≈.≈≈.rr..r...≈..
≈≈≈≈≈≈≈≈≈≈rrr≈rrr..≈≈≈≈≈
≈≈≈≈≈≈≈≈≈≈≈≈≈≈≈≈≈≈≈≈≈≈≈≈
≈≈≈≈≈≈≈≈≈≈≈≈≈≈r≈≈≈≈≈≈≈≈≈
≈≈≈≈≈≈≈≈≈≈≈≈.r≈≈.≈≈≈≈≈≈≈
≈≈≈≈≈≈≈Sr≈≈≈..........≈≈
≈≈...≈.@rrr..........≈≈≈
.......rr.r.............
........r.r.............
...r..##................
.r..## ##.......##......
..## #...##..## ##...r #
∩..#####..### ##rr ###
##..∩# # #####


You could see 4 river rats, a ball python and 15 rats.

Vanquished Creatures
  Natasha (D:3)
  10 adders
  A river rat (Sewer)
  4 worms
  A dart slug (D:2)
  2 orcs (D:3)
  4 bats
  3 giant cockroaches (D:1)
  6 goblins
  10 hobgoblins
  3 jackals (D:2)
  3 quokkas
  2 ball pythons
  4 frilled lizards
  4 kobolds
  10 rats
68 creatures vanquished.

Notes
Turn   | Place    | Note
-------+----------+-------------------------------------------
     0 | D:1      | Arthanis the Deep Elf Fire Elementalist began the quest for
                  | the Orb.
     0 | D:1      | Reached XP level 1. HP: 10/10 MP: 6/6
    98 | D:1      | Reached XP level 2. HP: 10/15 MP: 4/8
   864 | D:2      | Reached XP level 3. HP: 15/19 MP: 3/9
   869 | D:2      | Learned a level 3 spell: Conjure Flame
   889 | D:2      | Reached skill level 4 in Fire Magic
  1104 | D:2      | Reached XP level 4. HP: 15/24 MP: 0/11
  1711 | D:3      | Found a glowing drain.
  1724 | D:3      | Reached XP level 5. HP: 28/28 MP: 8/13
  1729 | D:3      | Noticed Natasha
  1735 | D:3      | Killed Natasha
  1740 | Sewer    | Entered a sewer
  1762 | Sewer    | Reached skill level 5 in Fire Magic
  1773 | Sewer    | HP: 1/28 [river rat (7)]
  1774 | Sewer    | Slain by a river rat

Levels and vault maps discovered:
D:1:      tarquinn_simple_flora_water_f, layout_basic, kennysheep_boxes
D:2:      layout_rooms, first_ration, minmay_domino_4
D:3:      layout_rooms, old_standard_altar, cheibrodos_sewer_entry_bend,
          uniq_jessica, uniq_natasha
Sewer:    sewer_minmay_treatment

Skill      XL: |  1  2  3  4  5 |
---------------+----------------+-----
Conjurations   | 2 3 |  3.8
Fire Magic     | 4 5 |  5.0
Spellcasting   | 4 |  4.3
Dodging        | |  2.4
Stealth        | |  2.4

Action                   |  1- 3 |  4- 6 || total
-------------------------+-------+-------++-------
Melee: Dagger            |     7 |     2 ||     9
Throw: Boomerang         |     6 |       ||     6
 Cast: Flame Tongue      |    59 |    50 ||   109
  Use: Potion            |       |     1 ||     1
 Stab: Sleeping          |     1 |     1 ||     2
  Eat: Chunk             |       |     2 ||     2
Armor: Robe              |     6 |     5 ||    11
Dodge: Dodged            |    35 |    26 ||    61

Table legend:
 A = Non-vault XP
 B = Vault XP
 C = Vault XP percentage of total XP
 D = Non-vault monster count
 E = Vault monster count
 F = Vault count percentage of total count
                 A         B        C        D         E       F
            +---------+---------+-------+---------+---------+-------
      Total |     175 |     111 |  38.8 |      56 |      12 |  17.6
            +---------+---------+-------+---------+---------+-------
        D:1 |      31 |       0 |   0.0 |      19 |       0 |   0.0
        D:2 |      82 |      17 |  17.2 |      24 |       3 |  11.1
        D:3 |      62 |      38 |  38.0 |      13 |       2 |  13.3
      Sewer |       0 |      56 | 100.0 |       0 |       7 | 100.0
            +---------+---------+-------+---------+---------+-------
